[Event "*** Titled Tuesday Blitz"]
[Site "Chess.com"]
[Date "2021.02.09"]
[Round "7"]
[White "Lion-Al-Messi"]
[Black "HanSchut"]
[Result "1-0"]
[WhiteElo "2530"]
[BlackElo "2278"]
[TimeControl "180+1"]
[EndTime "11:17:17 PST"]
[Termination "Lion-Al-Messi won by checkmate"]

1. e4 c5 2. Nf3 d6 3. d4 cxd4 4. Nxd4 Nf6 5. Nc3 a6 6. h3 e5 7. Nde2 h5 8. Bg5 Be6 9. g3 Nbd7 10. Bg2 Be7 11. O-O Rc8 12. Qd2 b5 13. f4 b4 14.
Nd5 Bxd5 15. exd5 Qb6+ 16. Kh2 Ng4+ 17. hxg4 hxg4+ 18. Bh3 Rxh3+ 19. Kg2 Bxg5 20. fxg5 Qc5 21. Rac1 Nb6 22. c4 Nxc4 23. Qd3 Ne3+ 24. Kg1 Nc4+ 25. Rf2 Rh2 26. Rf1 Rxf2 27. Rxf2 Nxb2 28. Qxa6 Rc7 29. g6 fxg6 30. Qa8+ Kd7 31. Kg2 Ke7 32. Qf8+ Kd7 33. Rf7# 1-0

[Event "*** Titled Tuesday Blitz"]
[Site "Chess.com"]
[Date "2021.02.09"]
[Round "7"]
[White "NovikovaGalina"]
[Black "Shuvalov"]
[Result "1-0"]
[WhiteElo "2396"]
[BlackElo "2494"]
[TimeControl "180+1"]
[EndTime "11:17:18 PST"]
[Termination "NovikovaGalina won by resignation"]

1. e4 e6 2. Nf3 d5 3. e5 c5 4.
b4 cxb4 5. a3 Bd7 6. axb4 Bxb4 7.
c3 Ba5 8. d4 Qb6 9. Bd3 Bb5 10.
O-O Bxd3 11. Qxd3 Ne7 12. Na3 a6 13. Ng5 h6 14. Nh3 Qc7 15. Bd2 Nbc6 16. Nc2 Rc8 17. Ne3 Bb6 18. f4 h5 19. f5 exf5 20. Nxf5 Nxf5 21. Qxf5 g6 22. Qf6 Rg8 23. e6 fxe6 24. Qxe6+ Ne7 25. Rae1 Rf8 26. Qxg6+ Kd7 27. Qe6+ Ke8 28.
Bh6 Rxf1+ 29. Rxf1 Bxd4+ 30. cxd4 Qc1 31. Bxc1 Rc6 32.
Qf7+ Kd7 33. Re1 1-0

[Event "*** Titled Tuesday Blitz"]
[Site "Chess.com"]
[Date "2021.02.09"]
[Round "7"]
[White "Vesper2018"]
[Black "Kaua18"]
[Result "1-0"]
[WhiteElo "2584"]
[BlackElo "2411"]
[TimeControl "180+1"]
[EndTime "11:17:20 PST"]
[Termination "Vesper2018 won by resignation"]

1. e4 c5 2. Nc3 Nc6 3. Bb5 Nd4 4. Bc4 e6 5. Nf3 g6 6. Nxd4 cxd4 7. Nb5 Qb6 8. Qf3 a6 9. Na3 Bg7 10. O-O Ne7 11.
d3 O-O 12. Bb3 d6 13. Nc4 Qc7 14. Bf4 e5 15. Bg5 Be6 16. Bf6 Rfc8 17. Rac1 Nc6 18. c3 dxc3 19. bxc3 Na5 20. Nd2 Nxb3 21. axb3 b5 22. c4 b4 23. Bxg7 Kxg7 24. Qg3 Qc5 25. Kh1 f6 26. f4 a5 27. f5 Bf7 28. fxg6 hxg6 29. Qf3 Rf8 30. Qxf6+ Kg8 31. Rf3 Be8 32. Qxf8+ 1-0

[Event "*** Titled Tuesday Blitz"]
[Site "Chess.com"]
[Date "2021.02.09"]
[Round "7"]
[White "Vanina1989"]
[Black "ArjunErigaisi2003"]
[Result "1-0"]
[WhiteElo "2727"]
[BlackElo "2884"]
[TimeControl "180+1"]
[EndTime "11:17:22 PST"]
[Termination "Vanina1989 won by resignation"]

1. d3 Nc6 2. e4 g6 3. f4 Bg7 4. Nf3 d6 5. g3 Bg4 6. h3 Bxf3 7. Qxf3 e5 8. Bg2 Nge7 9. O-O O-O 10. f5 Nd4 11. Qf2 f6 12. c3 Ndc6 13. g4 g5 14. h4 h6 15. c4 b5 16. Be3 Nb4 17.
Rd1 Qe8 18. hxg5 hxg5 19. a3 Nbc6 20. cxb5 Nd4 21. a4 a6 22. bxa6 Nec6 23. Nc3 Rxa6 24. Nd5 Qb8 25. b4 Nxb4 26. Rdb1 Ndc2 27. Ra2 Nxe3 28. Rxb4 Nxg4 29. Rxb8 Nxf2 30. Rxf8+ Kxf8 31. Kxf2 c5 32. Bf1 Ra5 33. Nb6 Ke7 34. Nc4 Ra6 35.
a5 Kd7 36. Rb2 Kc7 37. Be2 Bf8 38. Bd1 Be7 39. Ba4 Ra8 40. Rb6 1-0

[Event "*** Titled Tuesday Blitz"]
[Site "Chess.com"]
[Date "2021.02.09"]
[Round "7"]
[White "andy_rekt"]
[Black "Chessbard1972"]
[Result "0-1"]
[WhiteElo "2239"]
[BlackElo "2397"]
[TimeControl "180+1"]
[EndTime "11:17:22 PST"]
[Termination "Chessbard1972 won on time"]

1. d4 d5 2. c4 e6 3. Nf3 c5 4. cxd5 exd5 5. g3 Nc6 6. Bg2 Nf6 7. O-O Be7 8. Bg5 cxd4 9. Nxd4 h6 10. Be3 O-O 11. Nc3 Bg4 12. Rc1 Qd7 13. Na4 Bh3 14.
Nc5 Bxc5 15. Rxc5 Bxg2 16. Kxg2 Rad8 17. Nxc6 bxc6 18. Bd4 Ne4 19. Ra5 Ra8 20. f3 Ng5 21. Qc2 Rfe8 22. e3 h5 23. Kg1 Re6 24. h4 Nh7 25. Qf5 Qc7 26. Ra4 Qxg3+ 27. Kh1 Qxh4+ 28. Kg2 Rg6+ 29. Qxg6 fxg6 30. Rh1 Qg5+ 31. Kf2 Qf5 32. Ra6 Rf8 33. f4 g5 34. Rg1 Nf6 35. Ke2 Qc2+ 36. Kf3 g4+ 37. Kg3 Ne4+ 0-1

[Event "*** Titled Tuesday Blitz"]
[Site "Chess.com"]
[Date "2021.02.09"]
[Round "7"]
[White "Abdimalik_Abdisalimov"]
[Black "NikolaMa2000"]
[Result "0-1"]
[WhiteElo "2274"]
[BlackElo "1882"]
[TimeControl "180+1"]
[EndTime "11:17:23 PST"]
[Termination "NikolaMa2000 won on time"]

1. d4 e6 2. c4 Nf6 3. Nf3 Bb4+ 4. Bd2 a5 5. g3 O-O 6. Bg2 d5 7. O-O dxc4 8. Qc2 b5 9. e3 Bb7 10. a4 Be4 11. Qc1 c6 12. axb5 cxb5 13. Na3 Bxd2 14. Qxd2 Qb6 15. Rfc1 Nc6 16. Qd1 Nb4 17. Ne5 Bxg2 18.
Kxg2 Qb7+ 19. Kg1 Rfb8 20. b3 cxb3 21. Qxb3 Nbd5 22. Rcb1 b4 23. Nac4 a4 24. Qc2 b3 25.
Qb2 Ne4 26. f3 Nec3 0-1

[Event "*** Titled Tuesday Blitz"]
[Site "Chess.com"]
[Date "2021.02.09"]
[Round "7"]
[White "Anton_Demchenko"]
[Black "SaqoChess_Twitch"]
[Result "1-0"]
[WhiteElo "2843"]
[BlackElo "2549"]
[TimeControl "180+1"]
[EndTime "11:17:25 PST"]
[Termination "Anton_Demchenko won by resignation"]

1. e4 c5 2. Nf3 d6 3. d4 cxd4 4. Qxd4 Nf6 5. Nc3 Nc6 6. Qe3 g6 7. h3 Bg7 8. Bc4 O-O 9. O-O Bd7 10. Rd1 Qc8 11. Bb3 Bxh3 12. gxh3 Qxh3 13. Nh2 Qh5 14. Qg5 Qh3 15. Rd3 Qc8 16. f4 h6 17. Qxg6 d5 18. Qg2 dxe4 19. Rg3 Nh5 20. Rh3 Qf5 21. Ng4 Kh8 22.
Ne3 Bd4 23. Kh1 Bxe3 24. Bxe3 Rg8 25. Qh2 Nf6 26. Rxh6+ Nh7 27. Bd5 Rg6 28. Rxh7+ Kg8 29. Bxe4 Qg4 30. Rg1 1-0

[Event "*** Titled Tuesday Blitz"]
[Site "Chess.com"]
[Date "2021.02.09"]
[Round "7"]
[White "Kale36"]
[Black "Evachess2006"]
[Result "1-0"]
[WhiteElo "2235"]
[BlackElo "1623"]
[TimeControl "180+1"]
[EndTime "11:17:25 PST"]
[Termination "Kale36 won on time"]

1. e4 e5 2. Bc4 Nf6 3. d4 exd4 4. Nf3 d5 5. exd5 Nxd5 6. Qxd4 Be6 7. O-O Nc6 8. Qe4 Be7 9. Bg5 Bxg5 10. Bxd5 Qxd5 11. Qxd5 Bxd5 12. Nxg5 O-O 13. Nc3 Bc4 14. Rfe1 Rfe8 15.
b3 Ba6 16. Nf3 f6 17. a3 Rad8 18. b4 Bc4 19. Rad1 b5 20. h3 Kf7 21. g4 a6 22.
Kg2 g6 23. Kg3 Ne5 24. Nxe5+ Rxe5 25. Rxe5 Rxd1 26. Rc5 Rg1+ 27. Kh2 Rc1 28. Rxc7+ Ke6 29. Ne4 Rxc2 30. Kg3 Re2 31. Nc5+ Kd5 32. Rd7+ Kc6 33.
Rxh7 Ra2 34. h4 Rxa3+ 35. Kf4 1-0

[Event "*** Titled Tuesday Blitz"]
[Site "Chess.com"]
[Date "2021.02.09"]
[Round "7"]
[White "SanchezKelvin"]
[Black "PotapovaM"]
[Result "0-1"]
[WhiteElo "2440"]
[BlackElo "2632"]
[TimeControl "180+1"]
[EndTime "11:17:26 PST"]
[Termination "PotapovaM won by resignation"]

1. e4 c5 2. Nf3 d6 3. d4 cxd4 4. Nxd4 Nf6 5. Nc3 a6 6. f3 e5 7. Nb3 Be6 8. Be3 Be7 9. Qd2 O-O 10. Nd5 Nxd5 11. exd5 Bf5 12. c4 Nd7 13. Na5 Qc7 14.
b4 Bf6 15. Rc1 Rfe8 16. Be2 Bd8 17. O-O Qb8 18. Nb3 b6 19. Rfe1 a5 20. a3 axb4 21.
axb4 Ra3 22. Qb2 Ra8 23. Ra1 Bf6 24. Rxa8 Qxa8 25. g4 Bg6 26. g5 Be7 27. Ra1 Qc8 28. Ra7 f6 29. Qd2 fxg5 30. Bxg5 Nf6 31. Qe3 Qf5 32.
Bxf6 Bxf6 33. Qc3 e4 34. Qc2 Qg5+ 35. Kf2 exf3 0-1

[Event "*** Titled Tuesday Blitz"]
[Site "Chess.com"]
[Date "2021.02.09"]
[Round "7"]
[White "Pogosian_Manvel"]
[Black "Skatchkov_V"]
[Result "0-1"]
[WhiteElo "2392"]
[BlackElo "2534"]
[TimeControl "180+1"]
[EndTime "11:17:26 PST"]
[Termination "Skatchkov_V won on time"]

1. d4 Nf6 2. c4 e6 3. Nf3 b6 4. g3 Bb7 5. Bg2 Be7 6. O-O O-O 7. d5 exd5 8. Nh4 c6 9. cxd5 Nxd5 10. Nf5 Nc7 11. e4 d5 12. e5 Nba6 13. Nc3 Bc8 14.
Nxe7+ Qxe7 15. f4 g6 16. b3 Be6 17. Qd2 c5 18. Bb2 Rad8 19. h3 h5 20. Qf2 Nb4 21.
Rad1 d4 22. Ne4 Ncd5 23. a3 Na6 24. Qe2 Nac7 25. g4 hxg4 26. hxg4 Ne3 27. f5 Bxb3 28.
f6 Qxe5 29. Qxe3 dxe3 30. Bxe5 Rxd1 31. Rxd1 Bxd1 32. Bxc7 Bxg4 33. Bf4 Re8 0-1

[Event "*** Titled Tuesday Blitz"]
[Site "Chess.com"]
[Date "2021.02.09"]
[Round "7"]
[White "KafkaesqueKnight"]
[Black "SirStrateg"]
[Result "1-0"]
[WhiteElo "2205"]
[BlackElo "2567"]
[TimeControl "180+1"]
[EndTime "11:17:27 PST"]
[Termination "KafkaesqueKnight won by resignation"]

1. d4 Nf6 2. c4 Nc6 3. g3 e5 4.
d5 Ne7 5. Bg2 Ng6 6. h4 h6 7. h5 Bb4+ 8. Kf1 Nf8 9. a3 Be7 10.
Nc3 d6 11. b3 Bg4 12. Qc2 Bxh5 13. Nf3 Bg6 14. e4 N8d7 15. Nh4 a6 16. Nxg6 fxg6 17. Bh3 b5 18. cxb5 axb5 19. Nxb5 Nc5 20. b4 Na6 21.
Qc6+ Kf8 22. Rb1 g5 23. Bf5 Rg8 24. Be6 Rh8 25. Bf5 g4 26. Be3 h5 27. Rc1 Ne8 28. Kg2 Bg5 29. Bxg5 Qxg5 30. Qxa8 h4 31. Rxh4 Rxh4 32.
gxh4 Qxc1 33. Bg6 1-0

[Event "*** Titled Tuesday Blitz"]
[Site "Chess.com"]
[Date "2021.02.09"]
[Round "7"]
[White "Synctel"]
[Black "yuki_chess123"]
[Result "0-1"]
[WhiteElo "2022"]
[BlackElo "2293"]
[TimeControl "180+1"]
[EndTime "11:17:30 PST"]
[Termination "yuki_chess123 won on time"]

1. e4 g6 2. d4 Bg7 3. c3 d6 4. g3 Nf6 5. Bg2 O-O 6. Ne2 e5 7.
O-O Nc6 8. h3 Re8 9. d5 Ne7 10.
Be3 c6 11. c4 b5 12. dxc6 bxc4 13. Nbc3 Be6 14. f4 Nxc6 15. f5 Bc8 16. Qa4 Na5 17. Bg5 Bd7 18. Qc2 h6 19. Bxf6 Bxf6 20. Nd5 gxf5 21. exf5 Rb8 22. Nxf6+ Qxf6 23. Nc3 Nc6 24.
Nd5 Qg5 25. Qf2 Nd4 0-1

[Event "*** Titled Tuesday Blitz"]
[Site "Chess.com"]
[Date "2021.02.09"]
[Round "7"]
[White "ARTHURMOTIVATOR"]
[Black "JQuiroga18"]
[Result "0-1"]
[WhiteElo "2289"]
[BlackElo "2424"]
[TimeControl "180+1"]
[EndTime "11:17:31 PST"]
[Termination "JQuiroga18 won by resignation"]

1. e4 e5 2. Nc3 Nc6 3. g3 Bc5 4. Bg2 Nge7 5. Nge2 O-O 6. O-O d6 7. Na4 Bb6 8. Nxb6 axb6 9. h3 f5 10. exf5 Bxf5 11. a3 Qd7 12. Kh2 Rf6 13. d4 Raf8 14. dxe5 Nxe5 15. Nd4 Bg6 16. Qe2 c5 17. Nb5 Nf3+ 18.
Bxf3 Rxf3 19. Bg5 Nc6 20. Rad1 d5 21. c3 h6 22. Be3 Be4 23. b4 R8f5 24. Bg5 Qf7 25.
Be3 Rh5 26. Nd6 Qe6 27. Nxe4 Qxh3+ 0-1

[Event "*** Titled Tuesday Blitz"]
[Site "Chess.com"]
[Date "2021.02.09"]
[Round "7"]
[White "guillembaches"]
[Black "lamomiablanca"]
[Result "1-0"]
[WhiteElo "2420"]
[BlackElo "2264"]
[TimeControl "180+1"]
[EndTime "11:17:31 PST"]
[Termination "guillembaches won by resignation"]

1. e4 c5 2. Nf3 Nc6 3. d4 cxd4 4.
Nxd4 g6 5. c4 Nf6 6. Nc3 d6 7.
Nc2 Bg7 8. Be2 O-O 9. O-O Nd7 10. Be3 Nc5 11. f3 a5 12. Qd2 Be6 13. Rfd1 Rc8 14. Rab1 Na6 15. Nd5 Bxd5 16. cxd5 Ne5 17. b3 Nc5 18.
Nd4 b6 19. Rdc1 Qd7 20. Rc2 Rfd8 21. Rbc1 h5 22. h3 Qe8 23. Bb5 Qf8 24. a3 Bf6 25. b4 axb4 26. axb4 Nb7 27. f4 Rxc2 28. Qxc2 Nd7 29. Qc7 Nbc5 30. bxc5 Nxc5 31. e5 Bg7 32. Nc6 Rd7 33. Qxb6 Rb7 34. Qa5 Nb3 35. Qa6 Qc8 36.
Nxe7+ 1-0

[Event "*** Titled Tuesday Blitz"]
[Site "Chess.com"]
[Date "2021.02.09"]
[Round "7"]
[White "Adham_Fawzy"]
[Black "ChessWarrior7197"]
[Result "0-1"]
[WhiteElo "2775"]
[BlackElo "2957"]
[TimeControl "180+1"]
[EndTime "11:17:34 PST"]
[Termination "ChessWarrior7197 won on time"]

1. e4 c6 2. d4 d5 3. exd5 cxd5 4. c4 Nf6 5. Nc3 e6 6. c5 g6 7. Nf3 Bg7 8. Bb5+ Bd7 9. O-O O-O 10. Re1 Bxb5 11. Nxb5 Nc6 12. Bf4 Ne4 13. Nd6 Nxd6 14. Bxd6 Re8 15. Qd2 b6 16. b4 b5 17.
a4 a6 18. Ne5 Bxe5 19. dxe5 f6 20. axb5 axb5 21. Rxa8 Qxa8 22. exf6 Qa7 23. g4 Qf7 24. Qf4 e5 25. Bxe5 d4 26. Re4 Qd5 27. Qh6 Qd7 28. Bd6 Ra8 29. h3 Qf7 30. g5 d3 31. Re1 d2 32.
Rd1 Nd4 33. Kf1 Nf5 0-1

[Event "*** Titled Tuesday Blitz"]
[Site "Chess.com"]
[Date "2021.02.09"]
[Round "7"]
[White "Susal_De_Silva"]
[Black "federicosellitti"]
[Result "1-0"]
[WhiteElo "2617"]
[BlackElo "2457"]
[TimeControl "180+1"]
[EndTime "11:17:34 PST"]
[Termination "Susal_De_Silva won by resignation"]

1. e4 c5 2. Nf3 Nf6 3. e5 Nd5 4.
c3 Nc6 5. d4 cxd4 6. cxd4 e6 7.
Nc3 Nxc3 8. bxc3 d6 9. exd6 Bxd6 10. Bd3 b6 11. O-O Bb7 12. Ng5 h6 13. Qh5 Qe7 14. Nxf7 O-O 15. Qg6 Bxh2+ 16. Kh1 Bf4 17. Bxf4 Qh4+ 18. Bh2 Ne7 19. Qxe6 Rxf7 20. Bc4 Qf6 21. Qxf7+ Qxf7 22. Bxf7+ Kxf7 23. c4 Ba6 24. Rfc1 Rc8 25. c5 bxc5 26. Rxc5 Rxc5 27. dxc5 Bb7 28. Rb1 Bc6 29.
Bd6 Nd5 30. Rb3 Ke6 31. Ra3 g6 32. Rxa7 Nc3 33. Rh7 h5 34. a3 Nb5 35. Re7+ Kd5 36.
Re5+ Kc4 37. Re6 Nxa3 38. Rxg6 Nc2 39. Rg5 Ne1 40. Kg1 h4 41. Kh2 Nd3 42. f3 Bd7 43.
Rh5 h3 44. g4 Be8 45. Rf5 Bd7 46. Rf6 Nf2 47. Bg3 Nd1 48. c6 Bc8 49. c7 Ne3 50. Kxh3 1-0

[Event "*** Titled Tuesday Blitz"]
[Site "Chess.com"]
[Date "2021.02.09"]
[Round "7"]
[White "Fighterman91"]
[Black "KeithArkell"]
[Result "0-1"]
[WhiteElo "2649"]
[BlackElo "2504"]
[TimeControl "180+1"]
[EndTime "11:17:35 PST"]
[Termination "KeithArkell won by resignation"]

1. e4 c6 2. Nf3 d5 3. d3 g6 4. e5 Bg4 5. d4 e6 6. Nbd2 c5 7. c3 Bxf3 8. Nxf3 Nc6 9. Bb5 Qb6 10.
Qa4 a6 11. Bxc6+ Qxc6 12. Qxc6+ bxc6 13. Ke2 cxd4 14. cxd4 c5 15. Be3 cxd4 16. Nxd4 Ne7 17. Rhc1 Bg7 18. Rc7 Bxe5 19. Rb7 Rb8 20. Rxb8+ Bxb8 21. Bg5 Kd7 22. Bxe7 Kxe7 23. Rc1 Kd7 24. Rc3 Be5 25.
Rd3 Rb8 26. b3 h5 27. h4 Rc8 28. Kd1 Bf4 29. Ne2 Be5 30. f4 Bf6 31. g3 Kd6 32.
Nd4 Bxd4 33. Rxd4 e5 34. Ra4 Rc6 35. fxe5+ Kxe5 36. Ke2 f6 37. Ke3 g5 38. Kf2 g4 39. Ke3 f5 40. Kf2 d4 41. Ke2 Ke4 42.
Kd2 f4 43. gxf4 g3 44. Ke2 Rc2+ 45. Kf1 Kf3 0-1

[Event "*** Titled Tuesday Blitz"]
[Site "Chess.com"]
[Date "2021.02.09"]
[Round "7"]
[White "Piccadilly123"]
[Black "zacachess"]
[Result "0-1"]
[WhiteElo "2180"]
[BlackElo "2410"]
[TimeControl "180+1"]
[EndTime "11:17:35 PST"]
[Termination "zacachess won by checkmate"]

1. e4 c5 2. Nf3 d6 3. Bb5+ Nc6 4. Bxc6+ bxc6 5. O-O e5 6. c3 f5 7. Re1 fxe4 8.
Rxe4 Nf6 9. Re1 Be7 10. d4 cxd4 11. cxd4 e4 12. Bg5 exf3 13. Bxf6 gxf6 14. Qxf3 O-O 15. Qxc6 Rb8 16. Nc3 Bb7 17. Qc4+ Kh8 18. Qe6 Re8 19. Qf7 Bf8 20. Rxe8 Qxe8 21. Qxf6+ Bg7 22. Qxd6 Rd8 23. Qc7 Rd7 24. Qg3 Bxd4 25. h4 Rg7 26. Qh3 Rxg2+ 27. Qxg2 Bxg2 28. Kxg2 Qg6+ 29. Kh2 Bxf2 30. Ne2 Qe4 31. Ng1 Qxh4+ 32. Kg2 Qg3+ 33. Kh1 Bxg1 34. Rxg1 Qh3# 0-1

[Event "*** Titled Tuesday Blitz"]
[Site "Chess.com"]
[Date "2021.02.09"]
[Round "7"]
[White "CzechmVIII"]
[Black "oykuince"]
[Result "1-0"]
[WhiteElo "2249"]
[BlackElo "1975"]
[TimeControl "180+1"]
[EndTime "11:17:35 PST"]
[Termination "CzechmVIII won by resignation"]

1. e4 c5 2. Nf3 e6 3. Nc3 Nc6 4. d4 cxd4 5. Nxd4 Qc7 6. Qd3 a6 7. Nxc6 bxc6 8. Qg3 e5 9. f4 d6 10. Bc4 Nf6 11. fxe5 dxe5 12. O-O h5 13. Bg5 h4 14.
Bxh4 Bc5+ 15. Kh1 Nh5 16. Bxf7+ Qxf7 17. Qxe5+ Qe6 18. Qxc5 Bd7 19. Rad1 Rb8 20. Rd6 Qg8 21. Qe5+ 1-0

[Event "*** Titled Tuesday Blitz"]
[Site "Chess.com"]
[Date "2021.02.09"]
[Round "7"]
[White "LubovMarkelova"]
[Black "manmanlai1"]
[Result "0-1"]
[WhiteElo "2259"]
[BlackElo "2470"]
[TimeControl "180+1"]
[EndTime "11:17:37 PST"]
[Termination "manmanlai1 won by resignation"]

1. d4 d5 2. Nf3 Nf6 3. Bf4 e6 4. e3 Bd6 5. Bg3 O-O 6. Bd3 b6 7. O-O Ba6 8. Ne5 Bxd3 9. Qxd3 c5 10. c4 Bxe5 11. dxe5 Ne4 12. Rd1 Nc6 13. cxd5 exd5 14. Qxd5 Qxd5 15. Rxd5 Nb4 16. Rd2 Nxd2 17. Nxd2 Rad8 18.
Nc4 Rd3 19. Kf1 b5 20. Nd6 a6 21. a3 Nc6 22. Ke2 c4 23. f4 Rb3 24. Rd1 Rxb2+ 25. Kf3 g6 26. Ke4 Ne7 27. Bh4 Nf5 28. Nxf5 gxf5+ 29.
Kxf5 Rxg2 30. Be7 Rc8 31. Bb4 c3 32. Rc1 c2 33. e4 Rc4 34. h4 Rd4 35. h5 Rd1 36. Rxc2 0-1

[Event "*** Titled Tuesday Blitz"]
[Site "Chess.com"]
[Date "2021.02.09"]
[Round "7"]
[White "WilliamSchill"]
[Black "lacafi"]
[Result "1-0"]
[WhiteElo "1986"]
[BlackElo "2197"]
[TimeControl "180+1"]
[EndTime "11:17:38 PST"]
[Termination "WilliamSchill won on time"]

1. e4 c6 2. d4 d5 3. Nd2 dxe4 4. Nxe4 Nf6 5. Nxf6+ exf6 6. c3 Bd6 7. Bd3 O-O 8.
Qc2 h5 9. Be3 Re8 10. O-O-O Nd7 11. Kb1 Nf8 12. Ne2 Qc7 13. h3 b5 14. g4 h4 15.
Rhe1 Be6 16. Nc1 a6 17. Nb3 a5 18. Nc5 Bxc5 19. dxc5 b4 20. c4 a4 21. Qc1 Reb8 22.
Bf4 Qa5 23. Bxb8 Rxb8 24. Qf4 Ra8 25. Qd6 Rc8 26. f4 Qa6 27. Qd4 Nd7 28. f5 1-0

[Event "*** Titled Tuesday Blitz"]
[Site "Chess.com"]
[Date "2021.02.09"]
[Round "7"]
[White "KingCyber19"]
[Black "YIYUKI"]
[Result "1-0"]
[WhiteElo "2547"]
[BlackElo "2148"]
[TimeControl "180+1"]
[EndTime "11:17:40 PST"]
[Termination "KingCyber19 won by resignation"]

1. d4 Nf6 2. c4 e6 3. Nc3 Bb4 4. e3 c5 5. Bd3 Nc6 6. Nf3 Bxc3+ 7. bxc3 d6 8. e4 e5 9. d5 Ne7 10. O-O h6 11. Nh4 Ng6 12. Nxg6 fxg6 13. f4 O-O 14. h3 Bd7 15. Be3 Qe7 16. Qc2 exf4 17. Bxf4 Nh5 18. Bh2 g5 19. Rae1 Rxf1+ 20. Rxf1 Rf8 21. Rxf8+ Kxf8 22. Qf2+ Kg8 23. Qe3 g4 24. hxg4 Bxg4 25. e5 dxe5 26. Bxe5 b6 27. d6 Qe6 28. Qe4 Nf6 29.
Qa8+ Ne8 30. d7 Qxd7 31. Bg6 Qd1+ 32. Kh2 Bd7 33. Bxe8 Qh5+ 34. Bxh5+ 1-0

[Event "*** Titled Tuesday Blitz"]
[Site "Chess.com"]
[Date "2021.02.09"]
[Round "7"]
[White "gross-aleks"]
[Black "SergeiAza"]
[Result "0-1"]
[WhiteElo "2564"]
[BlackElo "2754"]
[TimeControl "180+1"]
[EndTime "11:17:41 PST"]
[Termination "SergeiAza won by resignation"]

1. c4 f5 2. g3 Nf6 3. Bg2 d6 4. Nc3 e5 5. d3 Be7 6. e4 O-O 7. Nge2 Nc6 8. O-O Be6 9. Nd5 Qd7 10. exf5 Bxf5 11. Nxe7+ Qxe7 12. d4 e4 13. h3 Rae8 14. Be3 Kh8 15. g4 Bc8 16. Ng3 d5 17. b3 Nb4 18.
Qe2 c6 19. Rad1 a5 20. f4 Nd3 21. g5 Ng8 22. f5 Qd6 23. Qg4 Ne7 24. c5 Qc7 25. Rxd3 exd3 26. Bf4 Qd7 27. Bd6 d2 28. Qd1 Nxf5 29. Bxf8 Nxg3 0-1

[Event "*** Titled Tuesday Blitz"]
[Site "Chess.com"]
[Date "2021.02.09"]
[Round "7"]
[White "jacky72"]
[Black "Grandmaster2B"]
[Result "1-0"]
[WhiteElo "2700"]
[BlackElo "2527"]
[TimeControl "180+1"]
[EndTime "11:17:43 PST"]
[Termination "jacky72 won by resignation"]

1. d4 Nf6 2. c4 e6 3. Nf3 Bb4+ 4. Bd2 a5 5. Nc3 b6 6. e3 Bb7 7. Bd3 O-O 8. O-O d5 9. cxd5 exd5 10. Ne5 Nbd7 11.
f4 Re8 12. Qf3 Ne4 13. Bxe4 dxe4 14. Qh3 Nf8 15. Rac1 Bxc3 16. Rxc3 f6 17. Ng4 c5 18. Qg3 Kh8 19. Rfc1 cxd4 20. exd4 Ne6 21. Be3 Qd5 22. Rd1 Rac8 23. Nf2 Nc7 24. f5 Nb5 25. Rxc8 Rxc8 26. Qf4 Qxa2 27. h4 Qd5 28. h5 Nd6 29. h6 Nxf5 30.
hxg7+ Kxg7 31. Ng4 Qe6 32. Rf1 Nxe3 33. Nxe3 Rf8 34. Nf5+ Kh8 35. Qh6 Qg8 36. Ne7 Qg7 37. Ng6+ Kg8 38. Qxg7+ Kxg7 39. Nxf8 Kxf8 40. Rxf6+ Ke7 41.
Rxb6 Bd5 42. Rb5 Ke6 43. Rxa5 e3 44. b4 e2 45. Kf2 Bc4 46. Re5+ Kd6 47. Rxe2 Bxe2 48.
Kxe2 Kd5 1-0

[Event "*** Titled Tuesday Blitz"]
[Site "Chess.com"]
[Date "2021.02.09"]
[Round "7"]
[White "HajiyevKanan"]
[Black "Aslanov_Umid"]
[Result "1/2-1/2"]
[WhiteElo "2485"]
[BlackElo "2360"]
[TimeControl "180+1"]
[EndTime "11:17:43 PST"]
[Termination "Game drawn - insufficient material"]

1. d4 Nf6 2. Nf3 g6 3. c4 Bg7 4. g3 O-O 5. Bg2 d6 6. O-O Nbd7 7. b3 e5 8. Bb2 exd4 9. Nxd4 Nc5 10. Nc3 Ne6 11.
e3 Qe7 12. Nxe6 Bxe6 13. Bxb7 Rab8 14. Bg2 h5 15. Qd2 h4 16. Nd5 Bxd5 17. Bxd5 Nxd5 18.
Bxg7 Nxe3 19. Bh6 Nxf1 20. Qd4 Qe5 21. Qxe5 dxe5 22. Bxf8 Nxg3 23. hxg3 Kxf8 24. gxh4 Ke7 25. Re1 Ke6 26. f4 f6 27. fxe5 fxe5 28. Kg2 a5 29. Kg3 a4 30. Re3 Rf8 31. Kg4 Rf2 32. a3 axb3 33.
Rxb3 Rf4+ 34. Kg5 Rxc4 35. Rb8 Ra4 36. Re8+ Kd5 37. Rd8+ Ke6 38. Re8+ Kd5 39. Rd8+ Kc6 40. Re8 Rxa3 41. Rxe5 Rg3+ 42. Kf4 Rg1 43. Re6+ Kd5 44. Re5+ Kd6 45. Rg5 Rxg5 46. Kxg5 c5 47. Kxg6 c4 48. h5 c3 49. h6 c2 50. h7 c1=Q 51. h8=Q Qg1+ 52. Kf7 Qf2+ 53. Qf6+ Qxf6+ 54. Kxf6 1/2-1/2

[Event "*** Titled Tuesday Blitz"]
[Site "Chess.com"]
[Date "2021.02.09"]
[Round "7"]
[White "GM_LOADING"]
[Black "OlifantCZ"]
[Result "1-0"]
[WhiteElo "2472"]
[BlackElo "2275"]
[TimeControl "180+1"]
[EndTime "11:17:43 PST"]
[Termination "GM_LOADING won by resignation"]

1. d4 Nf6 2. Nf3 g6 3. Bg5 Bg7 4. Nbd2 d5 5. e3 c5 6. c3 Qb6 7. Qc1 O-O 8. Bd3 c4 9. Bc2 Nc6 10. O-O Bf5 11. Qb1 e6 12. Bxf6 Bxf6 13. e4 dxe4 14. Bxe4 Bxe4 15. Nxe4 Bg7 16. Qc2 Ne7 17. Rad1 Nd5 18. Rfe1 Qc7 19. g3 b6 20. Qe2 h6 21.
h4 Rae8 22. Nfd2 f5 23. Qxc4 fxe4 24. Qxc7 Nxc7 25. Rxe4 e5 26. dxe5 Rxe5 27. Rxe5 Bxe5 28. Nc4 Bf6 29. Rd7 Rf7 30. Rd3 g5 31. h5 Kg7 32.
Nd6 Rf8 33. Nf5+ Kh8 34. Rd7 Be5 35. Nxh6 Rf6 36. Ng4 Re6 37. Nxe5 Rxe5 38. Rxc7 Re2 39.
Rxa7 Rxb2 40. Kg2 g4 41. Ra4 Kh7 42. Rxg4 Rxa2 43. Rg6 Rc2 44. Rxb6 Rxc3 45. g4 1-0

[Event "*** Titled Tuesday Blitz"]
[Site "Chess.com"]
[Date "2021.02.09"]
[Round "7"]
[White "DenishevM"]
[Black "Grammnik"]
[Result "1-0"]
[WhiteElo "2587"]
[BlackElo "2414"]
[TimeControl "180+1"]
[EndTime "11:17:44 PST"]
[Termination "DenishevM won by resignation"]

1. e4 c6 2. d4 d5 3. e5 Bf5 4. Nf3 e6 5. Nbd2 h6 6. Nb3 Ne7 7. a4 Nd7 8. Be2 a5 9. O-O Bh7 10. Be3 Nf5 11. Bd3 Be7 12. c3 Nxe3 13. fxe3 Bxd3 14. Qxd3 O-O 15. Nc1 c5 16. Ne2 c4 17.
Qc2 b5 18. Nf4 b4 19. e4 Nb6 20. Nh5 Qd7 21. g4 Rfb8 22. h4 dxe4 23. Qxe4 Nd5 24. g5 hxg5 25. hxg5 g6 26. Nf6+ Bxf6 27. gxf6 bxc3 28. Qh4 Qd8 29. Ng5 Nxf6 30. exf6 Qxd4+ 31. Qxd4 1-0

[Event "*** Titled Tuesday Blitz"]
[Site "Chess.com"]
[Date "2021.02.09"]
[Round "7"]
[White "CraiggoryC"]
[Black "Yaryi_sergey"]
[Result "0-1"]
[WhiteElo "2174"]
[BlackElo "2469"]
[TimeControl "180+1"]
[EndTime "11:17:46 PST"]
[Termination "Yaryi_sergey won on time"]

1. e4 c6 2. Nf3 g6 3. d4 Bg7 4. Be3 d5 5. Nc3 Nf6 6. Qd2 Nxe4 7. Nxe4 dxe4 8. Ng5 f5 9. Bc4 Rf8 10. Nxh7 Rh8 11.
Ng5 Qd6 12. Nf7 Qf6 13. Nxh8 Bxh8 14. O-O-O b5 15. Be2 Nd7 16. Bg5 Qf7 17. Kb1 Nb6 18. h4 Be6 19. a3 O-O-O 20. h5 Bxd4 21. hxg6 Qxg6 22. Be3 c5 23. c3 f4 24. cxd4 fxe3 25. Qxe3 Nd5 26. Qg3 Qxg3 27. fxg3 c4 28. Rh4 Rg8 29.
Rxe4 Bf5 30. Bf3 Bxe4+ 31. Bxe4 Ne3 32. Re1 Rxg3 33. Bf3 Nf5 34. Re5 Nxd4 35. Rc5+ Kb8 36. Rd5 e5 37. Rxe5 a6 38. Re8+ Kc7 39. Re7+ Kb6 40.
Rd7 Nxf3 41. gxf3 Rxf3 42. Kc2 Ka5 43. Rb7 Ka4 44. Rb6 a5 45. Ra6 Rf2+ 46. Kc3 Rf3+ 47.
Kc2 Rf5 48. Kc3 Rd5 49. Kc2 Rd3 50. Ra8 b4 51. axb4 Kxb4 52. Rb8+ Kc5 53. Rc8+ Kb5 54. Rb8+ Kc5 55. Rc8+ Kd4 56. Rd8+ Ke3 57. Re8+ Kf3 58. Rc8 Rd4 59. Kc3 Rd3+ 60. Kc2 Ke2 61. Rxc4 Rd5 0-1